Map: Blackpink LE

Players

Honor - Winner!

  • Race: Protoss Protoss
  • League: Master
  • Spawn Location: 1:00

A.I. 1 (Elite)

  • Race: Zerg Zerg
  • Spawn Location: 7:00

VOD

Have the link to the VOD?

Description

Time

  • Played on: Jan. 11, 2018, 3:41 a.m.
  • Length: 7:38
Show
View Real Time Build Order
Export as new Build Order

Honor Protoss - Winner!

Build Orders:  

Get SALT Encoding   

  12  0:00  Probe  
  13  0:12  Probe  
  14  0:17  Pylon  
  14  0:25  Probe  
  15  0:37  Probe (Chrono Boost)  
  15  0:38  Gateway  
  16  0:47  Probe (Chrono Boost)  
  16  0:48  Assimilator  
  17  0:52  Probe (Chrono Boost)  
  18  0:58  Assimilator  
  18  1:03  Probe  
  19  1:10  Gateway  
  19  1:15  Probe  
  20  1:25  Cybernetics Core  
  20  1:28  Probe  
  21  1:37  Pylon  
  21  1:41  Probe  
  22  1:59  Stalker x2 (Chrono Boost)  
  22  2:04  Warp Gate  
  26  2:17  Robotics Facility  
  26  2:26  Sentry  
  28  2:34  Stalker  
  30  2:38  Pylon  
  30  2:55  Stalker  
  32  3:00  Forge  
  32  3:07  Observer (Chrono Boost)  
  33  3:20  Immortal (Chrono Boost)  
  33  3:22  Pylon  
  37  3:35  Protoss Ground Weapons Level 1  
  37  3:44  Gateway  
  37  3:56  Immortal (Chrono Boost)  
  41  4:07  Photon Cannon  
  41  4:26  Immortal  
  41  4:27  Pylon  
  45  4:32  Sentry  
  47  4:48  Stalker  
  49  4:58  Pylon  
  49  5:05  Warp Prism  
  51  5:08  Sentry  
  51  5:10  Stalker  
  55  5:18  Pylon  
  55  5:25  Stalker  
  57  5:39  Stalker  
  57  5:41  Stalker  
  61  6:05  Stalker x3  
  67  6:12  Pylon  
  67  6:30  Adept  
  67  6:31  Adept x2  
  65  6:51  Stalker x2  
  69  6:54  Stalker  
  71  7:17  Adept x3  
  77  7:23  Pylon  
Show
View Real Time Build Order
Export as new Build Order

A.I. 1 (Elite) Zerg 

Build Orders: Hatch First 

Get SALT Encoding   

  12  0:00  Drone  
  13  0:12  Overlord  
  13  0:17  Drone  
  14  0:30  Drone x2  
  14  0:34  Drone  
  17  0:55  Hatchery, Drone  
  17  1:11  Spawning Pool  
  17  1:13  Extractor  
  17  1:15  Drone  
  16  1:19  Drone  
  16  1:24  Drone  
  18  1:27  Drone  
  19  1:38  Overlord  
  19  1:49  Drone  
  20  1:58  Queen  
  20  1:59  Zergling x2  
  23  2:06  Drone  
  24  2:13  Queen  
  26  2:19  Drone  
  27  2:33  Roach Warren  
  27  2:35  Extractor  
  27  2:36  Drone  
  26  2:38  Drone  
  27  2:45  Overlord  
  27  2:48  Drone  
  28  2:52  Drone  
  28  2:55  Drone  
  28  2:58  Drone  
  31  3:01  Drone  
  31  3:04  Zergling x2  
  33  3:08  Zergling x2  
  34  3:16  Roach  
  34  3:17  Roach  
  38  3:21  Roach  
  38  3:25  Roach  
  42  3:27  Drone  
  42  3:30  Drone  
  44  3:36  Overlord  
  44  3:43  Lair  
  44  3:47  Metabolic Boost  
  44  3:52  Overlord  
  44  3:55  Drone  
  45  3:57  Drone  
  45  4:00  Drone  
  45  4:01  Zergling x2  
  48  4:05  Zergling x2  
  48  4:06  Zergling x2  
  50  4:12  Evolution Chamber  
  50  4:13  Drone  
  50  4:19  Drone, Evolution Chamber  
  50  4:21  Drone  
  50  4:23  Drone  
  52  4:25  Drone  
  52  4:28  Drone  
  54  4:40  Zerg Missile Weapons Level 1  
  54  4:45  Drone, Hydralisk Den, Zerg Ground Armor Level 1  
  54  4:48  Overlord  
  54  4:52  Roach  
  56  4:54  Roach  
  58  5:06  Drone, Overlord  
  58  5:07  Drone  
  60  5:08  Drone  
  60  5:10  Drone  
  60  5:11  Drone  
  60  5:13  Drone  
  64  5:15  Drone, Hydralisk  
  67  5:24  Drone, Hydralisk  
  70  5:28  Infestation Pit  
  70  5:31  Overlord  
  70  5:33  Drone  
  70  5:35  Drone  
  71  5:36  Drone  
  71  5:37  Drone  
  73  5:46  Extractor  
  73  5:47  Roach  
  73  5:49  Drone, Roach, Overlord  
  77  5:51  Roach  
  77  5:55  Roach  
  81  6:00  Evolution Chamber  
  81  6:01  Drone  
  81  6:05  Extractor  
  81  6:07  Overlord, Infestor  
  81  6:09  Drone x3  
  85  6:16  Hatchery  
  85  6:17  Drone  
  85  6:19  Zergling x2, Infestor  
  85  6:20  Zergling x2  
  85  6:23  Roach  
  84  6:26  Overlord  
  84  6:30  Drone  
  84  6:32  Drone  
  70  6:36  Roach  
  70  6:39  Roach  
  63  6:43  Zergling x2  
  39  7:06  Roach  
  35  7:09  Zergling x2  
  35  7:10  Overseer  
  35  7:11  Roach, Zergling x2  
Tags
 
League
Master
Matchup
PvZ
Spawn Locations
Cross Positions
Add a new tag
Caveats
  • Supply blocks, unpowered buildings, or Contaminate may cause inaccurate times.
  • Supply counts are checked every 10 seconds.